 Dungeon Crawl Stone Soup version 0.30-a0-743-gbfdf073431 (webtiles) character file.

Game seed: 4970801710121525821

4 epen the Trooper (level 1, -1/23 HPs)
             Began as a Gnoll Wanderer on Feb 5, 2023.
             Slain by a ball python (2 damage)
             ... on level 1 of the Dungeon.
             The game lasted 00:00:51 (107 turns).

epen the Trooper (Gnoll Wanderer)                    Turns: 107, Time: 00:00:52

Health: -1/23      AC:  3    Str: 12    XL:     1   Next: 70%
Magic:  4/4        EV:  8    Int:  9    God:
Gold:   10         SH:  0    Dex: 12    Spells: 5/5 levels left

rFire   + . .      SeeInvis .    a - +0 club
rCold   + . .      Faith    .    (no shield)
rNeg    . . .      Spirit   .    c - +0 leather armour
rPois   +          Reflect  .    (no helmet)
rElec   +          Harm     .    (no cloak)
rCorr   +          Rampage  .    (no gloves)
Will    .....                    (no boots)
Stlth   +                        (no amulet)
HPRegen 0.23/turn                (no ring)
MPRegen 0.09/turn                (no ring)

@: mighty, resistant, constricted
A: fangs 1, strong nose, distributed training
a: no special abilities


You were on level 1 of the Dungeon.
You visited 1 branch of the dungeon, and saw 1 of its levels.

You collected 10 gold pieces.

Inventory:

Hand Weapons
 a - a +0 club (weapon)
Armour
 c - a +0 leather armour (worn)
Scrolls
 d - a scroll of fog


   Skills:
 + Level 6.4 Fighting
 + Level 0.1 Short Blades
 + Level 0.1 Long Blades
 + Level 0.1 Axes
 + Level 0.1 Maces & Flails
 + Level 0.1 Polearms
 + Level 0.1 Staves
 + Level 0.1 Ranged Weapons
 + Level 0.1 Throwing
 + Level 0.1 Armour
 + Level 0.1 Dodging
 + Level 0.1 Stealth
 + Level 0.1 Shields
 + Level 0.1 Unarmed Combat
 + Level 2.6 Spellcasting
 + Level 0.1 Conjurations
 + Level 0.1 Hexes
 + Level 0.1 Summonings
 + Level 0.1 Necromancy
 + Level 0.1 Translocations
 + Level 0.1 Transmutations
 + Level 0.1 Fire Magic
 + Level 0.1 Ice Magic
 + Level 5.3 Air Magic
 + Level 5.3 Earth Magic
 + Level 0.1 Poison Magic
 + Level 0.2 Invocations
 + Level 0.1 Evocations


You had 5 spell levels left.
You didn't know any spells.
Your spell library contained the following spells:

 Spells                   Type           Power      Damage    Failure   Level
 Sandblast                Erth           20%        2d7       4%          1
 Shock                    Conj/Air       24%        1d4       13%         1
 Swiftness                Air            10%        N/A       13%         3
 Passwall                 Tmut/Erth      5%         N/A       21%         2
 Leda's Liquefaction      Hex/Erth       3%         N/A       78%         4


Dungeon Overview and Level Annotations

Branches:
Dungeon (1/15)

Altars:


Innate Abilities, Weirdness & Mutations

You have very sharp teeth.
Your uncanny sense of smell can sniff out nearby items.
Your experience applies equally to all skills.


Message History

You are too injured to fight recklessly!
You are too injured to fight recklessly!
You are too injured to fight recklessly!
You are too injured to fight recklessly!
You are too injured to fight recklessly!
You are too injured to fight recklessly!
You are too injured to fight recklessly!
You are too injured to fight recklessly!
You are too injured to fight recklessly!
You are too injured to fight recklessly!
You are too injured to fight recklessly!
You are too injured to fight recklessly!
You are too injured to fight recklessly!
The giant cockroach bites you. The jackal misses you.
You aren't carrying any items that you can evoke.
Okay, then.
You feel very mighty all of a sudden.
The jackal bites you but does no damage.
The giant cockroach barely misses you.
You hit the giant cockroach.
The giant cockroach is heavily wounded.
The jackal bites you. The ball python closely misses you.
The ball python grabs you. The ball python constricts you.
The giant cockroach barely misses you.
The jackal bites you but does no damage.
The ball python bites you.
* * * LOW HITPOINT WARNING * * *
The ball python constricts you. The giant cockroach closely misses you.
It was a potion of resistance.
You feel protected. The jackal completely misses you.
The goblin hits you with a +0 club.
* * * LOW HITPOINT WARNING * * *
The ball python bites you but does no damage.
The ball python constricts you. The giant cockroach barely misses you.
You sock the goblin!
You kill the goblin!
The jackal bites you.
* * * LOW HITPOINT WARNING * * *
The ball python bites you.
You die...

.# #. .#+#+ ....
...#.... #.#.#
#.#.... #
............#...
#.#.#.#.#...#.#
..............#
#.#.#.#w#.>...#.
......SBh.......
#.#.#.#@#.......
........)....###
#.#.#.#.#######
..............##
∆
#.#.#.#.#......#
.÷..#
#....†.†......#
(.8.#
#.#+####......#
....#
#.............#
....#
#)............#


You could see a dart slug, a jackal, a giant cockroach and a ball python.

Vanquished Creatures
  A goblin (D:1)
  A jackal (D:1)
  A kobold (D:1)
  A ball python (D:1)
  2 bats (D:1)
6 creatures vanquished.

Notes
Turn   | Place    | Note
-------+----------+-------------------------------------------
     0 | D:1      | epen the Gnoll Wanderer began the quest for the Orb.
     0 | D:1      | epen set off with the following items: a +0 club, a potion
                  | of might, a +0 leather armour, a scroll of fog; and the
                  | following spells available to memorise: Sandblast, Shock,
                  | Swiftness, Passwall, Leda's Liquefaction.
     0 | D:1      | Reached XP level 1. HP: 23/23 MP: 4/4
   107 | D:1      | HP: 1/23 [jackal (1)]
   107 | D:1      | Slain by a ball python

Illustrated notes

Levels and vault maps discovered:
D:1:      giann_forest_graveyard, layout_basic, minmay_misc_feat_pillars,
          st_stairs_11

Action                     || total
---------------------------++-------
  Melee: Club              ||    30
         Bite              ||     5
    Use: Potion            ||     2
 Armour: Leather armour    ||    26
  Dodge: Dodged            ||    33

Table legend: (Time is in decaauts)
 A = Elapsed time spent in this place.
 B = Non-inter-level travel time spent in this place.
 C = Inter-level travel time spent in this place.
 D = Time resting spent in this place.
 E = Time spent auto-exploring this place.
 F = Levels seen in this place.
 G = Mean time per level.
                   A        B        C        D        E       F      G
               +--------+--------+--------+--------+--------+-----+--------+
         Total |    115 |    115 |      0 |      0 |     58 |   1 |  115.0 |
       Dungeon |    115 |    115 |      0 |      0 |     58 |   1 |  115.0 |
               +--------+--------+--------+--------+--------+-----+--------+

Top non-repeatable levels by time:
     D:1: 115 daAuts
